Map: Newkirk Precinct TE (Void)

Players

SgtBagwell - Winner!

  • Race: Protoss Protoss
  • League: Diamond
  • Spawn Location: 5:00

Musumeci

  • Race: Zerg Zerg
  • League: Diamond
  • Spawn Location: 7:00

VOD

Have the link to the VOD?

Description

Time

  • Played on: March 15, 2017, 1:43 p.m.
  • Length: 22:43
Show
View Real Time Build Order
Export as new Build Order

SgtBagwell Protoss - Winner!

Build Orders:  

Get SALT Encoding   

  12  0:01  Probe (Chrono Boost)  
  13  0:16  Pylon  
  13  0:20  Probe (Chrono Boost)  
  14  0:31  Probe (Chrono Boost)  
  15  0:41  Probe (Chrono Boost)  
  16  0:52  Probe (Chrono Boost)  
  17  1:06  Nexus  
  17  1:23  Gateway  
  17  1:26  Pylon  
  17  1:28  Probe (Chrono Boost)  
  17  1:32  Assimilator  
  18  1:37  Assimilator  
  19  1:40  Probe (Chrono Boost)  
  19  1:50  Probe (Chrono Boost)  
  20  2:01  Probe (Chrono Boost)  
  21  2:09  Zealot  
  21  2:13  Cybernetics Core, Probe (Chrono Boost)  
  24  2:25  Probe (Chrono Boost)  
  26  2:30  Probe (Chrono Boost)  
  26  2:35  Probe (Chrono Boost)  
  27  2:40  Probe (Chrono Boost)  
  28  2:46  Probe (Chrono Boost)  
  28  2:49  Assimilator  
  31  2:51  Mothership Core (Chrono Boost)  
  31  2:55  Pylon  
  31  2:57  Sentry  
  33  2:59  Warp Gate  
  33  3:00  Probe (Chrono Boost)  
  34  3:10  Forge  
  34  3:21  Stargate  
  34  3:23  Probe (Chrono Boost)  
  34  3:24  Probe (Chrono Boost)  
  36  3:28  Adept  
  39  3:34  Probe (Chrono Boost)  
  39  3:46  Probe x2 (Chrono Boost)  
  41  3:53  Photon Cannon  
  41  3:57  Probe (Chrono Boost)  
  41  4:01  Oracle  
  42  4:07  Probe (Chrono Boost)  
  42  4:09  Probe (Chrono Boost)  
  47  4:13  Adept  
  49  4:18  Probe (Chrono Boost)  
  49  4:21  Probe (Chrono Boost)  
  51  4:25  Photon Cannon  
  49  4:46  Pylon  
  49  4:48  Pylon  
  49  4:58  Void Ray  
  53  5:08  Probe (Chrono Boost)  
  53  5:09  Probe (Chrono Boost)  
  53  5:11  Photon Cannon  
  53  5:13  Sentry  
  57  5:18  Probe (Chrono Boost)  
  56  5:46  Pylon  
  56  5:58  Void Ray  
  56  6:05  Pylon  
  56  6:10  Pylon  
  60  6:13  Assimilator  
  60  6:14  Protoss Ground Weapons Level 1  
  60  6:33  Twilight Council  
  60  6:34  Gateway  
  60  6:35  Gateway  
  60  6:39  Probe (Chrono Boost)  
  61  6:52  Probe (Chrono Boost)  
  61  6:53  Probe (Chrono Boost)  
  63  6:56  Pylon  
  63  7:00  Charge  
  63  7:14  Void Ray  
  67  7:18  Pylon  
  67  7:20  Probe (Chrono Boost)  
  68  7:27  Pylon  
  68  7:28  Probe (Chrono Boost)  
  69  7:31  Pylon  
  69  7:47  Pylon  
  69  7:53  Gateway x2  
  69  7:56  Gateway  
  69  7:57  Gateway  
  69  8:01  Zealot x3, Templar Archives  
  75  8:08  Void Ray  
  75  8:16  Pylon  
  79  8:21  Gateway  
  79  8:22  Gateway  
  79  8:24  Zealot  
  79  8:25  Zealot x2  
  85  8:30  Protoss Ground Weapons Level 2  
  85  8:47  Void Ray  
  89  8:59  High Templar x4, Psionic Storm  
  89  9:00  High Templar x3  
  103  9:08  Archon x3  
  102  9:30  High Templar  
  104  9:34  High Templar, Nexus  
  104  9:35  Zealot x2  
  104  9:36  Zealot x4, Pylon  
  118  9:46  Archon  
  118  9:57  Zealot  
  118  9:58  Zealot x3  
  123  10:05  Zealot  
  123  10:06  Pylon  
  122  10:22  Pylon  
  122  10:24  Zealot x2  
  126  10:32  Zealot x2  
  126  10:33  Zealot x4  
  94  10:52  Zealot x3  
  94  10:53  Zealot x4  
  94  10:54  Zealot  
  94  10:56  Probe x2 (Chrono Boost)  
  82  11:08  Probe x2 (Chrono Boost)  
  72  11:14  High Templar  
  72  11:15  High Templar x3  
  72  11:16  Zealot x3  
  72  11:17  Zealot x2  
  86  11:19  Photon Cannon  
  86  11:20  Probe (Chrono Boost)  
  86  11:21  Probe (Chrono Boost)  
  86  11:25  Assimilator  
  88  11:28  Protoss Ground Armor Level 1  
  87  11:33  Probe (Chrono Boost)  
  87  11:46  Probe x2 (Chrono Boost)  
  89  11:56  Probe (Chrono Boost)  
  89  11:58  High Templar x5, Probe x2 (Chrono Boost)  
  89  11:59  High Templar  
  104  12:03  Archon  
  104  12:04  Archon  
  104  12:10  Probe x2 (Chrono Boost)  
  104  12:11  Assimilator  
  104  12:14  Pylon  
  98  12:25  Zealot x2  
  92  12:31  High Templar x2  
  96  12:47  Archon x2  
  96  12:50  High Templar x2  
  100  12:54  Zealot x5  
  106  13:00  Mothership Core (Chrono Boost)  
  106  13:04  Zealot  
  106  13:05  Zealot  
  108  13:06  Probe (Chrono Boost)  
  108  13:08  Probe (Chrono Boost)  
  110  13:15  High Templar  
  110  13:16  High Templar  
  110  13:17  Probe (Chrono Boost)  
  110  13:19  Zealot x2  
  121  13:20  Zealot, Probe x2 (Chrono Boost)  
  123  13:29  Photon Cannon  
  123  13:34  High Templar  
  123  13:35  Void Ray  
  129  13:42  Protoss Ground Weapons Level 3  
  129  13:50  High Templar x2  
  129  13:52  Zealot x2  
  129  13:53  Zealot x4  
  129  13:55  Archon  
  145  13:57  Probe x3 (Chrono Boost)  
  148  14:08  Probe (Chrono Boost)  
  148  14:09  Probe x2 (Chrono Boost)  
  151  14:10  Zealot  
  151  14:15  Zealot x2  
  151  14:26  Robotics Facility  
  133  14:37  Zealot x4  
  133  14:38  Zealot x3  
  131  14:50  Robotics Facility  
  131  15:06  High Templar x2  
  135  15:07  High Templar x2  
  135  15:10  Nexus  
  135  15:11  Archon  
  135  15:12  Archon  
  139  15:14  Pylon  
  139  15:25  Observer  
  140  15:46  Immortal  
  140  15:49  High Templar x2  
  148  15:50  Zealot  
  148  15:51  Zealot x2  
  148  15:55  Archon  
  136  16:05  Probe (Chrono Boost)  
  136  16:07  Probe x2 (Chrono Boost)  
  139  16:11  Photon Cannon  
  139  16:15  Robotics Bay  
  141  16:19  Probe x2 (Chrono Boost)  
  141  16:23  Immortal  
  145  16:28  Observer  
  146  16:36  Pylon  
  146  16:38  Photon Cannon, Protoss Ground Armor Level 2  
  146  16:46  Pylon  
  146  17:02  Assimilator  
  146  17:06  Assimilator  
  146  17:09  Photon Cannon  
  146  17:11  Photon Cannon, Pylon  
  146  17:12  Colossus  
  152  17:18  Pylon  
  152  17:41  Colossus  
  152  17:45  High Templar  
  160  18:01  Extended Thermal Lance  
  160  18:21  Colossus  
  152  18:28  Pylon  
  152  18:31  Colossus  
  164  18:54  Photon Cannon  
  164  18:56  Resonating Glaives  
  164  19:04  Protoss Ground Armor Level 3  
  164  19:07  Pylon  
  113  19:40  Zealot x5  
  113  19:41  Zealot  
  113  19:42  High Templar x3  
  131  19:46  Archon, Colossus  
  131  19:47  Warp Prism  
  139  20:07  Zealot x4  
  139  20:08  Zealot  
  149  20:23  Zealot x2  
  149  20:24  Zealot x2  
  157  20:47  High Templar x3  
  163  20:51  Archon  
  163  20:53  Zealot  
  163  20:54  Zealot x5  
  175  21:04  Colossus  
  181  21:53  Zealot  
  183  22:10  Nexus  
  183  22:12  Pylon  
  183  22:15  High Templar  
  183  22:16  High Templar  
  183  22:17  High Templar x2  
  183  22:20  Archon  
  183  22:21  Archon  
Show
View Real Time Build Order
Export as new Build Order

Musumeci Zerg 

Build Orders: Hatch First 

Get SALT Encoding   

  12  0:08  Drone x2  
  12  0:12  Extractor  
  13  0:16  Drone  
  15  0:41  Hatchery  
  14  0:48  Drone, Extractor  
  15  1:02  Spawning Pool  
  14  1:10  Extractor  
  14  1:11  Drone, Extractor  
  13  1:15  Drone  
  14  1:23  Overlord  
  16  1:42  Drone x2  
  18  1:49  Queen  
  18  1:50  Drone  
  21  1:56  Queen  
  23  2:02  Drone, Extractor  
  23  2:09  Drone x2  
  23  2:15  Drone  
  26  2:19  Drone x2  
  28  2:43  Overlord x2  
  28  3:08  Metabolic Boost  
  28  3:09  Zergling x14  
  28  3:11  Drone x4  
  39  3:13  Drone  
  40  3:22  Baneling Nest  
  39  3:34  Zergling x4  
  39  3:35  Zergling x4  
  43  3:49  Overlord  
  43  3:51  Overlord  
  43  3:53  Hatchery  
  42  4:05  Baneling x4  
  42  4:07  Baneling  
  42  4:23  Baneling  
  42  4:24  Zergling x6  
  42  4:25  Zergling x14  
  42  4:51  Zergling x6  
  42  4:52  Zergling x4  
  46  4:58  Drone  
  47  5:01  Baneling x4  
  47  5:03  Baneling  
  47  5:05  Drone  
  47  5:06  Drone, Extractor  
  48  5:08  Queen  
  48  5:09  Drone  
  38  5:37  Baneling x2  
  38  5:41  Spore Crawler  
  38  5:42  Spore Crawler  
  35  5:44  Drone x12, Spore Crawler  
  45  5:57  Zergling x2  
  45  5:58  Zergling x6  
  45  6:01  Drone  
  45  6:02  Drone x4  
  54  6:07  Lair  
  54  6:21  Zergling x2  
  54  6:22  Zergling x6  
  54  6:25  Overlord x2  
  58  6:49  Drone x3  
  58  6:51  Evolution Chamber, Extractor  
  59  6:59  Overlord x2  
  59  7:09  Drone x6  
  59  7:10  Drone  
  59  7:13  Extractor  
  59  7:15  Zergling x2  
  66  7:19  Zergling x6  
  69  7:23  Extractor  
  68  7:30  Hydralisk Den  
  68  7:32  Zerg Missile Weapons Level 1  
  68  7:36  Overlord  
  67  7:39  Zergling x8  
  70  8:02  Overlord x3  
  70  8:08  Muscular Augments  
  70  8:09  Zergling x4  
  70  8:10  Hydralisk x3  
  70  8:11  Hydralisk x6  
  88  8:21  Hydralisk x4  
  96  8:40  Drone x3  
  99  8:43  Centrifical Hooks  
  99  8:45  Hydralisk x6  
  99  8:48  Drone x2  
  113  8:51  Extractor  
  113  8:52  Drone  
  113  9:03  Overseer  
  113  9:09  Overlord x3  
  113  9:10  Overlord  
  112  9:26  Hydralisk x4  
  112  9:27  Hydralisk x7  
  134  9:39  Hydralisk x4  
  142  10:00  Baneling x5  
  142  10:01  Baneling x9  
  142  10:09  Baneling  
  142  10:10  Baneling x4  
  132  10:32  Zergling x2  
  132  10:33  Zergling x10, Hydralisk  
  132  10:34  Hydralisk x5  
  90  10:58  Hydralisk x7  
  88  11:23  Zergling x2  
  88  11:24  Zergling x14  
  88  11:37  Hydralisk x4  
  88  11:43  Queen  
  88  11:45  Zergling x2  
  91  11:47  Baneling x5, Hydralisk x3  
  91  11:51  Baneling  
  97  11:54  Baneling x5  
  97  11:55  Hydralisk x3  
  97  11:59  Zergling x2  
  97  12:00  Zergling x2  
  105  12:03  Hydralisk  
  105  12:06  Baneling x5  
  107  12:09  Baneling x2  
  107  12:11  Hydralisk  
  107  12:12  Hydralisk x3  
  107  12:13  Overlord  
  107  12:14  Overlord x3  
  109  12:31  Baneling x4  
  107  12:50  Hydralisk x9  
  118  13:03  Zergling x2  
  118  13:04  Zergling x10  
  120  13:26  Baneling x6  
  120  13:28  Hatchery, Baneling x4  
  119  13:50  Zerg Missile Weapons Level 2  
  119  13:52  Hydralisk x9  
  137  14:00  Extractor  
  136  14:05  Extractor  
  135  14:13  Baneling x5  
  99  14:36  Hydralisk  
  99  14:37  Hydralisk  
  94  14:38  Zergling x6  
  94  14:39  Zergling x34  
  114  14:58  Baneling  
  114  14:59  Baneling  
  114  15:00  Baneling x22  
  114  15:10  Queen  
  114  15:12  Zergling x6  
  99  16:05  Hydralisk  
  99  16:06  Hydralisk x12  
  99  16:10  Baneling x2  
  125  16:11  Baneling  
  125  16:46  Hydralisk x8  
  139  16:49  Drone x3  
  140  17:09  Hydralisk  
  140  17:10  Hydralisk x4  
  144  17:33  Zergling x4  
  146  17:43  Hatchery  
  145  18:04  Zergling x2  
  145  18:05  Zergling x4  
  148  18:25  Hydralisk x13  
  173  18:41  Baneling x10  
  173  18:44  Zerg Melee Weapons Level 1  
  173  18:49  Infestation Pit  
  172  19:01  Overseer  
  172  19:06  Extractor x2  
  170  19:17  Hatchery  
  55  19:52  Pathogen Glands  
  55  20:20  Infestor  
  55  20:21  Infestor x12  
  81  20:29  Infestor x2  
  81  20:30  Infestor  
  87  20:48  Neural Parasite  
  87  20:51  Hydralisk  
  87  20:52  Hydralisk x8  
  94  21:05  Burrow  
  79  22:19  Overseer  
Tags
 
Add a new tag
Caveats
  • Supply blocks, unpowered buildings, or Contaminate may cause inaccurate times.
  • Supply counts are checked every 10 seconds.